Map: Turbo Cruise '84 LE

Players

Mez - Winner!

  • Race: Terran Terran
  • League: Master
  • Spawn Location: 3:00

Beardie

  • Race: Zerg Zerg
  • League: Master
  • Spawn Location: 7:00

VOD

Have the link to the VOD?

Description

Time

  • Played on: July 30, 2019, 5:17 a.m.
  • Length: 9:42
Show
View Real Time Build Order
Export as new Build Order

Mez Terran - Winner!

Build Orders: Reaper Expand 

Get SALT Encoding   

  12  0:01  SCV  
  13  0:13  SCV  
  14  0:18  Supply Depot  
  14  0:25  SCV  
  15  0:40  SCV  
  15  0:42  Barracks  
  16  0:46  Refinery  
  16  0:52  SCV  
  17  1:04  SCV  
  18  1:16  SCV  
  19  1:30  Reaper, Orbital Command  
  20  1:42  Command Center  
  20  1:55  Barracks  
  20  1:57  SCV  
  21  2:02  Barracks Reactor  
  21  2:09  Barracks  
  21  2:14  SCV  
  22  2:19  Supply Depot  
  22  2:26  SCV  
  23  2:40  Marine x2  
  23  2:41  SCV  
  23  2:43  Barracks Tech Lab  
  26  2:53  SCV  
  26  2:55  Orbital Command  
  26  2:57  Marine  
  28  2:59  Marine x2  
  28  3:04  Marine  
  28  3:05  Combat Shield  
  31  3:07  SCV  
  32  3:16  Marine  
  32  3:17  Marine x2  
  32  3:19  SCV  
  36  3:21  Marine  
  36  3:27  SCV  
  38  3:29  Supply Depot  
  38  3:31  SCV  
  39  3:39  SCV, Marine  
  39  3:40  Marine x3  
  44  3:43  SCV  
  44  3:46  Engineering Bay  
  45  3:51  SCV  
  45  3:53  Supply Depot  
  45  3:55  SCV  
  47  4:03  SCV  
  47  4:07  SCV  
  49  4:10  Marine x3  
  49  4:15  SCV  
  53  4:19  SCV  
  53  4:20  Supply Depot  
  53  4:21  Terran Infantry Weapons Level 1  
  54  4:24  Stimpack  
  54  4:27  SCV  
  55  4:31  SCV  
  55  4:34  Command Center  
  55  4:36  Marine x3  
  59  4:39  SCV  
  59  4:43  SCV  
  60  4:55  Marine x4  
  60  4:56  SCV x2  
  59  5:08  SCV x2  
  59  5:13  Marine x2, Barracks  
  57  5:14  Refinery, Barracks  
  57  5:16  Factory, Refinery  
  57  5:20  SCV  
  58  5:25  Marine  
  58  5:27  Barracks Reactor  
  58  5:32  Marine x2  
  58  5:33  SCV x2  
  62  5:42  Supply Depot  
  62  5:43  Marine, Supply Depot  
  63  5:51  SCV x2  
  63  5:52  Marine x2  
  63  5:56  Supply Depot  
  67  5:57  Supply Depot  
  67  6:00  Marine  
  67  6:01  Factory Reactor  
  67  6:02  Barracks Reactor  
  67  6:03  Starport  
  67  6:04  Barracks Reactor  
  68  6:05  SCV x2  
  68  6:07  Orbital Command  
  68  6:09  Marine x2  
  68  6:10  Marine x2  
  74  6:18  Marine  
  74  6:19  SCV x2  
  74  6:21  Terran Infantry Armor Level 1  
  77  6:27  Marine x2  
  77  6:28  Marine  
  77  6:31  SCV  
  63  6:44  Marine x3  
  63  6:45  Marine x5  
  63  6:46  Marine  
  57  6:51  SCV x3, Supply Depot  
  59  7:02  Marine x3  
  59  7:03  SCV  
  59  7:04  SCV x2  
  59  7:08  Medivac x2  
  67  7:09  Marine x3  
  67  7:12  Supply Depot  
  67  7:13  Marine x3  
  75  7:15  SCV  
  75  7:16  SCV x2  
  75  7:20  Marine x2  
  80  7:25  Marine  
  80  7:26  Marine  
  80  7:27  SCV, Marine x2  
  80  7:28  SCV x2  
  87  7:36  Marine x2  
  88  7:40  SCV x3  
  91  7:45  Supply Depot  
  91  7:48  Supply Depot  
  91  7:52  SCV x3  
  91  7:56  Marine x3  
  91  7:57  Marine x5  
  91  7:58  Medivac x2  
  104  8:04  SCV x2  
  108  8:05  Engineering Bay  
  108  8:06  Armory  
  108  8:10  Supply Depot  
  108  8:11  Supply Depot  
  108  8:13  Marine  
  108  8:14  Marine x2  
  108  8:17  Marine x5  
  108  8:18  SCV x3  
  118  8:35  Marine x9  
  125  8:47  Medivac x2  
  124  8:53  Command Center, Marine x9  
  115  9:10  Marine  
  115  9:11  Marine x4  
  120  9:19  SCV, Marine x4  
  120  9:20  SCV x2  
Show
View Real Time Build Order
Export as new Build Order

Beardie Zerg 

Build Orders: Hatch First 

Get SALT Encoding   

  12  0:00  Drone  
  13  0:13  Overlord  
  13  0:17  Drone  
  14  0:31  Drone x2  
  16  0:50  Hatchery  
  16  0:52  Drone  
  16  0:57  Drone  
  16  0:59  Drone  
  18  1:10  Extractor  
  17  1:15  Spawning Pool  
  16  1:18  Drone  
  16  1:21  Drone  
  18  1:30  Drone  
  19  1:43  Drone  
  20  1:51  Overlord  
  20  2:03  Queen x2  
  20  2:04  Zergling x4  
  26  2:13  Drone x2  
  28  2:24  Hatchery  
  27  2:33  Drone x2  
  28  2:39  Drone  
  28  2:41  Queen  
  31  2:49  Metabolic Boost  
  31  2:52  Overlord  
  31  3:01  Drone x4  
  35  3:08  Drone  
  36  3:21  Drone x2  
  36  3:22  Drone x3  
  41  3:32  Evolution Chamber, Queen x2  
  44  3:39  Queen  
  46  3:44  Overlord  
  46  3:53  Drone x4  
  46  3:55  Overlord  
  50  4:09  Zerg Ground Armor Level 1  
  50  4:10  Queen x2  
  50  4:13  Drone x2  
  56  4:20  Queen  
  58  4:29  Overlord x3  
  58  4:42  Spore Crawler  
  58  4:45  Overlord x2  
  55  4:50  Zergling x14  
  55  4:51  Zergling x4  
  63  4:54  Overlord  
  63  4:56  Zergling x2  
  62  5:16  Drone x2  
  62  5:17  Drone, Hatchery, Baneling Nest  
  63  5:21  Drone x2  
  63  5:22  Drone  
  63  5:27  Queen  
  68  5:31  Overlord  
  68  5:35  Zergling x6  
  71  5:46  Zergling x14  
  78  6:01  Zergling x4  
  78  6:04  Zerg Melee Weapons Level 1  
  80  6:10  Zergling x10  
  85  6:12  Baneling  
  85  6:13  Baneling x6  
  85  6:17  Zergling x10  
  89  6:34  Zergling x4  
  89  6:35  Zergling x2  
  88  6:45  Zergling x6  
  88  6:46  Zergling x10  
  77  6:49  Overlord  
  75  6:58  Drone x3  
  78  7:04  Drone x2  
  80  7:10  Drone x3  
  80  7:11  Lair  
  80  7:14  Hatchery  
  82  7:16  Drone x5  
  82  7:20  Extractor  
  82  7:21  Extractor  
  85  7:23  Drone x2  
  77  7:37  Zergling x14  
  77  7:38  Hatchery  
  83  7:47  Drone x7  
  90  8:00  Overlord x4  
  90  8:08  Drone  
  90  8:11  Centrifical Hooks  
  91  8:17  Zergling x20  
  101  8:31  Zergling x8  
  101  8:32  Zergling x2  
  99  8:43  Zergling x6  
  99  8:44  Zergling x16  
  86  8:59  Zergling x12  
  80  9:06  Zergling x14  
  68  9:22  Zergling x18  
Tags
 
Add a new tag
Caveats
  • Supply blocks, unpowered buildings, or Contaminate may cause inaccurate times.
  • Supply counts are checked every 10 seconds.